TOP OF THE 1ST |
University of Florida Gators batting - Pitching for University of Virginia Cavaliers : LHP Stephen Murphy
|
Pitching: LHP Stephen Murphy
|
|
Batting: RHB Hiromichi Takamoto
|
0-0: Ball 1-0: Called Strike 1-1: Ball 2-1: Ground out 4-3 (Groundball, 4, EV 84.4 MPH)
|
Batting: RHB Conz Laufenberg
|
0-0: Ball 1-0: Called Strike 1-1: Called Strike 1-2: Reached on error, E6 (Groundball, 6, EV 89.4 MPH)
|
Batting: RHB Gong-sun Law
|
0-0: Ball 1-0: Foul Ball, location: 25F 1-1: Ball 2-1: Foul Ball, location: 25FF 2-2: Ball 3-2: Foul Ball, location: 9LMF 3-2: Foul Ball, location: 2F 3-2: Foul Ball, location: 2F 3-2: Reached on error, E4 (Groundball, 4M, EV 84.4 MPH) Conz Laufenberg to third
|
Batting: RHB Lião Weishampt
|
0-0: Ball 1-0: Ball 2-0: SINGLE (Line Drive, 78M, EV 98.1 MPH) Conz Laufenberg scores Gong-sun Law to third
|
Batting: RHB Jae-won Kwon
|
0-0: Called Strike 0-1: Ball 1-1: Ball 2-1: Foul Ball, location: 7LSFF 2-2: Strikes out looking
|
Batting: RHB Jiao-long Zhào
|
0-0: Fly out, F8 (Flyball, 8LS, EV 83.1 MPH)
|
Top of the 1st over - 1 run, 1 hit, 2 errors, 2 left on base; University of Florida 1 - University of Virginia 0 |
BOTTOM OF THE 1ST |
University of Virginia Cavaliers batting - Pitching for University of Florida Gators : RHP Nelson Carachure
|
Pitching: RHP Nelson Carachure
|
|
Batting: RHB Scott Anderson
|
0-0: Ball 1-0: Ball 2-0: Ball 3-0: Called Strike 3-1: Called Strike 3-2: Fly out, F8 (Flyball, 8RS, EV 92.5 MPH)
|
Batting: LHB Edelberto Barbas
|
0-0: Foul Ball, location: 2F 0-1: Foul Ball, location: 2F 0-2: Ball 1-2: Foul Ball, location: 2F 1-2: Ball 2-2: Fly out, F8 (Line Drive, 8RM, EV 90.0 MPH)
|
Batting: LHB Eustachio Bontempi
|
0-0: Ball 1-0: Ball 2-0: Called Strike 2-1: Fly out, F7 (Flyball, 78S, EV 95.0 MPH)
|
Bottom of the 1st over - 0 runs, 0 hits, 0 errors, 0 left on base; University of Florida 1 - University of Virginia 0 |
TOP OF THE 2ND |
University of Florida Gators batting - Pitching for University of Virginia Cavaliers : LHP Stephen Murphy
|
Batting: LHB Roy Davies
|
0-0: Called Strike 0-1: Ball 1-1: Foul Ball, location: 23F 1-2: SINGLE (Line Drive, 3D, EV 98.8 MPH)
|
Batting: RHB Juan Lopez
|
0-0: Ball 1-0: Called Strike 1-1: Called Strike Roy Davies is caught stealing 2nd base 2-4 1-2: Ball 2-2: Ground out 6-3 (Groundball, 6, EV 100.6 MPH)
|
Batting: RHB Angelo Rentas
|
0-0: Fly out, F7 (Flyball, 7, EV 95.6 MPH)
|
Top of the 2nd over - 0 runs, 1 hit, 0 errors, 0 left on base; University of Florida 1 - University of Virginia 0 |
BOTTOM OF THE 2ND |
University of Virginia Cavaliers batting - Pitching for University of Florida Gators : RHP Nelson Carachure
|
Batting: SHB Ethan Lewis
|
0-0: Swinging Strike 0-1: Foul Ball, location: 2F 0-2: Strikes out swinging
|
Batting: LHB Josh Doan
|
0-0: Swinging Strike 0-1: Called Strike 0-2: Ball 1-2: Strikes out swinging
|
Batting: RHB Rob Coble
|
0-0: Called Strike 0-1: Ball 1-1: Called Strike 1-2: Strikes out looking
|
Bottom of the 2nd over - 0 runs, 0 hits, 0 errors, 0 left on base; University of Florida 1 - University of Virginia 0 |
TOP OF THE 3RD |
University of Florida Gators batting - Pitching for University of Virginia Cavaliers : LHP Stephen Murphy
|
Batting: RHB Hiromichi Takamoto
|
0-0: Called Strike 0-1: Ball 1-1: Ball 2-1: Swinging Strike 2-2: Strikes out swinging
|
Batting: RHB Conz Laufenberg
|
0-0: Ball 1-0: Foul Ball, location: 9LSF 1-1: Foul Ball, location: 9LDF 1-2: Foul Ball, location: 2F 1-2: Ball 2-2: Foul Ball, location: 3F 2-2: Strikes out swinging
|
Batting: RHB Gong-sun Law
|
0-0: Called Strike 0-1: Ball 1-1: Foul Ball, location: 25F 1-2: Ball 2-2: Ground out 5-3 (Groundball, 56, EV 98.1 MPH)
|
Top of the 3rd over - 0 runs, 0 hits, 0 errors, 0 left on base; University of Florida 1 - University of Virginia 0 |
BOTTOM OF THE 3RD |
University of Virginia Cavaliers batting - Pitching for University of Florida Gators : RHP Nelson Carachure
|
Batting: RHB Jason Thresher
|
0-0: Foul Ball, location: 23F 0-1: Ball 1-1: Called Strike 1-2: Foul Ball, location: 25F 1-2: Strikes out looking
|
Batting: LHB Ray Nichter
|
0-0: Ball 1-0: Swinging Strike 1-1: Foul Ball, location: 9LMF 1-2: Ball 2-2: Strikes out swinging
|
Batting: RHB Allen McCaskill
|
0-0: Swinging Strike 0-1: Swinging Strike 0-2: Foul Ball, location: 7LMF 0-2: Ball 1-2: Strikes out swinging, 2-3 out at first.
|
Bottom of the 3rd over - 0 runs, 0 hits, 0 errors, 0 left on base; University of Florida 1 - University of Virginia 0 |
TOP OF THE 4TH |
University of Florida Gators batting - Pitching for University of Virginia Cavaliers : LHP Stephen Murphy
|
Batting: RHB Lião Weishampt
|
0-0: Ball 1-0: Ball 2-0: Called Strike 2-1: SINGLE (Groundball, 6MD, EV 104.4 MPH)
|
Batting: RHB Jae-won Kwon
|
0-0: Ball 1-0: SINGLE (Line Drive, 8LS, EV 102.5 MPH) Lião Weishampt to second
|
Batting: RHB Jiao-long Zhào
|
0-0: Sac Bunt to 23 - play at first, batter OUT! 3-4 Lião Weishampt to third Jae-won Kwon to second
|
Batting: LHB Roy Davies
|
0-0: Ball 1-0: Foul Ball, location: 2F 1-1: Swinging Strike 1-2: Ball 2-2: Ground out 5-3 (Groundball, 5, EV 98.1 MPH)
|
Batting: RHB Juan Lopez
|
0-0: Fly out, F7 (Flyball, 7D, EV 103.8 MPH)
|
Top of the 4th over - 0 runs, 2 hits, 0 errors, 2 left on base; University of Florida 1 - University of Virginia 0 |
BOTTOM OF THE 4TH |
University of Virginia Cavaliers batting - Pitching for University of Florida Gators : RHP Nelson Carachure
|
Batting: RHB Scott Anderson
|
0-0: Called Strike 0-1: Ground out 6-3 (Groundball, 4M, EV 81.9 MPH)
|
Batting: LHB Edelberto Barbas
|
0-0: Foul Ball, location: 2F 0-1: Ball 1-1: Foul Ball, location: 3F 1-2: Ball 2-2: Foul Ball, location: 2F 2-2: Ball 3-2: SOLO HOME RUN (Flyball, 7D, EV 96.3 MPH), Distance : 372 ft
|
Batting: LHB Eustachio Bontempi
|
0-0: SINGLE (Groundball, 6MD, EV 110.6 MPH)
|
Batting: SHB Ethan Lewis
|
0-0: Ball 1-0: Foul Ball, location: 2F 1-1: Called Strike 1-2: SINGLE (Groundball, 4S, EV 68.8 MPH) (infield hit) Eustachio Bontempi to second
|
Batting: LHB Josh Doan
|
0-0: Ball 1-0: Grounds into double play, 5-4-3 (Groundball, 56S, EV 80.6 MPH)
|
Bottom of the 4th over - 1 run, 3 hits, 0 errors, 1 left on base; University of Florida 1 - University of Virginia 1 |
TOP OF THE 5TH |
University of Florida Gators batting - Pitching for University of Virginia Cavaliers : LHP Stephen Murphy
|
Batting: RHB Angelo Rentas
|
0-0: Ball 1-0: Ground out 4-3 (Groundball, 4, EV 85.6 MPH)
|
Batting: RHB Hiromichi Takamoto
|
0-0: Swinging Strike 0-1: Foul Ball, location: 9LSF 0-2: Strikes out swinging
|
Batting: RHB Conz Laufenberg
|
0-0: Ball 1-0: SOLO HOME RUN (Line Drive, 9D, EV 98.1 MPH), Distance : 395 ft
|
Batting: RHB Gong-sun Law
|
0-0: Called Strike 0-1: Swinging Strike 0-2: Ball 1-2: Ball 2-2: Ball 3-2: Base on Balls
|
Pitching: RHP Jason Odle
|
|
Batting: RHB Lião Weishampt
|
0-0: Foul Ball, location: 5FF 0-1: Ball 1-1: Ball 2-1: Foul Ball, location: 2F 2-2: Ball 3-2: Fly out, F8 (Flyball, 8LD, EV 102.5 MPH)
|
Top of the 5th over - 1 run, 1 hit, 0 errors, 1 left on base; University of Florida 2 - University of Virginia 1 |
BOTTOM OF THE 5TH |
University of Virginia Cavaliers batting - Pitching for University of Florida Gators : RHP Nelson Carachure
|
Batting: RHB Rob Coble
|
0-0: Ball 1-0: Swinging Strike 1-1: Foul Ball, location: 2F 1-2: Strikes out swinging
|
Batting: RHB Jason Thresher
|
0-0: Ball 1-0: Foul Ball, location: 5F 1-1: Ball 2-1: Ground out 1-3 (Groundball, 13, EV 70.0 MPH)
|
Batting: LHB Ray Nichter
|
0-0: Called Strike 0-1: Ball 1-1: Swinging Strike 1-2: Foul Ball, location: 7LMF 1-2: Foul Ball, location: 7LSF 1-2: Ball 2-2: Strikes out swinging
|
Bottom of the 5th over - 0 runs, 0 hits, 0 errors, 0 left on base; University of Florida 2 - University of Virginia 1 |
TOP OF THE 6TH |
University of Florida Gators batting - Pitching for University of Virginia Cavaliers : RHP Jason Odle
|
Batting: RHB Jae-won Kwon
|
0-0: Foul Ball, location: 3F 0-1: Ball 1-1: Ball 2-1: Swinging Strike 2-2: Fly out, F8 (Line Drive, 8RM, EV 86.9 MPH)
|
Batting: RHB Jiao-long Zhào
|
0-0: Swinging Strike 0-1: Ball 1-1: Ground out 1-3 (Groundball, P, EV 66.9 MPH)
|
Batting: LHB Roy Davies
|
0-0: Fly out, F8 (Flyball, 8LD, EV 106.3 MPH)
|
Top of the 6th over - 0 runs, 0 hits, 0 errors, 0 left on base; University of Florida 2 - University of Virginia 1 |
BOTTOM OF THE 6TH |
University of Virginia Cavaliers batting - Pitching for University of Florida Gators : RHP Nelson Carachure
|
Batting: RHB Allen McCaskill
|
0-0: Swinging Strike 0-1: Called Strike 0-2: Strikes out swinging
|
Pitching: RHP Carlos Figueroa
|
|
Batting: RHB Scott Anderson
|
0-0: Ball 1-0: Ball 2-0: Called Strike 2-1: Foul Ball, location: 7LMF 2-2: Foul Ball, location: 9LSF 2-2: SINGLE (Groundball, 3D, EV 103.1 MPH)
|
Batting: LHB Edelberto Barbas
|
0-0: Called Strike 0-1: Ball Scott Anderson is caught stealing 2nd base 2-6 1-1: Fly out, F8 (Line Drive, 8RM, EV 88.8 MPH)
|
Bottom of the 6th over - 0 runs, 1 hit, 0 errors, 0 left on base; University of Florida 2 - University of Virginia 1 |
TOP OF THE 7TH |
University of Florida Gators batting - Pitching for University of Virginia Cavaliers : RHP Jason Odle
|
Batting: RHB Juan Lopez
|
0-0: Fly out, F8 (Flyball, 8LXD, EV 94.4 MPH)
|
Batting: RHB Angelo Rentas
|
0-0: Foul Ball, location: 23F 0-1: Ball 1-1: Ball 2-1: Called Strike 2-2: Foul Ball, location: 5SF 2-2: Ball 3-2: Base on Balls
|
Batting: RHB Hiromichi Takamoto
|
0-0: Ball 1-0: Called Strike 1-1: Swinging Strike 1-2: Ball 2-2: Foul Ball, location: 2LF 2-2: Strikes out swinging
|
Batting: RHB Conz Laufenberg
|
0-0: Called Strike 0-1: Swinging Strike 0-2: Ball 1-2: Ball 2-2: Ball 3-2: Foul Ball, location: 9LDF 3-2: Reached on error, E4 (Groundball, 4, EV 89.4 MPH) Angelo Rentas to third
|
Batting: RHB Gong-sun Law
|
0-0: Fly out, F9 (Flyball, 89S, EV 86.3 MPH)
|
Top of the 7th over - 0 runs, 0 hits, 1 error, 2 left on base; University of Florida 2 - University of Virginia 1 |
BOTTOM OF THE 7TH |
University of Virginia Cavaliers batting - Pitching for University of Florida Gators : RHP Carlos Figueroa
|
Batting: LHB Eustachio Bontempi
|
0-0: Ball 1-0: Ball 2-0: Ground out 1-3 (Groundball, 34S, EV 62.5 MPH)
|
Batting: SHB Ethan Lewis
|
0-0: Foul Ball, location: 5SF 0-1: Fly out, F9 (Line Drive, 9, EV 100.6 MPH)
|
Batting: LHB Josh Doan
|
0-0: Ball 1-0: SINGLE (Line Drive, 3D, EV 72.5 MPH)
|
Batting: RHB Leo Baxter
|
0-0: Fielders Choice at 2nd, 5-4 (Groundball, 5D, EV 98.1 MPH)
|
Bottom of the 7th over - 0 runs, 1 hit, 0 errors, 1 left on base; University of Florida 2 - University of Virginia 1 |
TOP OF THE 8TH |
University of Florida Gators batting - Pitching for University of Virginia Cavaliers : RHP Jason Odle
|
Pitching: RHP Waldemar Toet
|
|
Batting: RHB Lião Weishampt
|
0-0: Ball 1-0: Ball 2-0: Called Strike 2-1: Foul Ball, location: 3F 2-2: Ball 3-2: Foul Ball, location: 9LMF 3-2: Fly out, F7 (Flyball, 7, EV 93.8 MPH)
|
Batting: RHB Jae-won Kwon
|
0-0: Ball 1-0: Called Strike 1-1: Ball 2-1: Ball 3-1: SINGLE (Groundball, 56S, EV 69.4 MPH) (infield hit)
|
Batting: RHB Jiao-long Zhào
|
0-0: Fly out, F8 (Flyball, 8RD, EV 105.6 MPH)
|
Batting: LHB Roy Davies
|
0-0: Swinging Strike 0-1: Swinging Strike 0-2: Ball 1-2: Fly out, F7 (Line Drive, 7S, EV 101.9 MPH)
|
Top of the 8th over - 0 runs, 1 hit, 0 errors, 1 left on base; University of Florida 2 - University of Virginia 1 |
BOTTOM OF THE 8TH |
University of Virginia Cavaliers batting - Pitching for University of Florida Gators : RHP Carlos Figueroa
|
Batting: RHB Jason Thresher
|
0-0: Swinging Strike 0-1: Ball 1-1: SINGLE (Groundball, 6MS, EV 69.4 MPH) (infield hit)
|
Batting: LHB Ray Nichter
|
0-0: Called Strike 0-1: Foul Ball, location: 25F 0-2: Ball 1-2: Ball 2-2: Foul Ball, location: 7LMF 2-2: Fly out, F7 (Flyball, 78S, EV 90.6 MPH)
|
Batting: RHB Allen McCaskill
|
0-0: Ball 1-0: Sac Bunt to 5S - play at first, batter OUT! 5-3 Jason Thresher to second
|
Batting: RHB Scott Anderson
|
0-0: Ball 1-0: Ball 2-0: SINGLE (Line Drive, 78S, EV 105.0 MPH) Jason Thresher to third Runner from 3rd tries for Home, SAFE, throw by LF to home
|
Batting: LHB Edelberto Barbas
|
0-0: Called Strike Scott Anderson steals 2nd base 0-1: Ball 1-1: Ball 2-1: Ball 3-1: Base on Balls
|
Batting: LHB Eustachio Bontempi
|
0-0: Called Strike 0-1: Fly out, F9 (Flyball, 89M, EV 93.8 MPH)
|
Bottom of the 8th over - 1 run, 2 hits, 0 errors, 2 left on base; University of Florida 2 - University of Virginia 2 |
TOP OF THE 9TH |
University of Florida Gators batting - Pitching for University of Virginia Cavaliers : RHP Waldemar Toet
|
Batting: RHB Juan Lopez
|
0-0: Ball 1-0: Foul Ball, location: 9LDF 1-1: Ball 2-1: Ball 3-1: Called Strike 3-2: Base on Balls
|
Batting: RHB Angelo Rentas
|
0-0: Ball Juan Lopez steals 2nd base 1-0: Fly out, F7 (Flyball, 7S, EV 96.3 MPH)
|
Pinch Hitting: SHB Tokuichi Ishida
|
0-0: Intentional Walk
|
Batting: RHB Conz Laufenberg
|
0-0: Fielders Choice at 2nd, 6-4 (Groundball, 6, EV 81.3 MPH) Juan Lopez to third
|
Batting: RHB Gong-sun Law
|
0-0: Called Strike 0-1: Foul Ball, location: 2F 0-2: Ball 1-2: Ball 2-2: Foul Ball, location: 2F 2-2: Ground out 6-3 (Groundball, 6S, EV 86.3 MPH)
|
Top of the 9th over - 0 runs, 0 hits, 0 errors, 2 left on base; University of Florida 2 - University of Virginia 2 |
BOTTOM OF THE 9TH |
University of Virginia Cavaliers batting - Pitching for University of Florida Gators : RHP Carlos Figueroa
|
Pitching: LHP Michel Loiseau
|
|
Now in RF: Pat Justice
|
|
Batting: SHB Ethan Lewis
|
0-0: Swinging Strike 0-1: Foul Ball, location: 2F 0-2: Strikes out swinging
|
Batting: LHB Josh Doan
|
0-0: Fly out, F7 (Flyball, 78M, EV 93.8 MPH)
|
Batting: RHB Sean Carswell
|
0-0: Ball 1-0: Swinging Strike 1-1: Called Strike 1-2: Strikes out swinging
|
Bottom of the 9th over - 0 runs, 0 hits, 0 errors, 0 left on base; University of Florida 2 - University of Virginia 2 |
TOP OF THE 10TH |
University of Florida Gators batting - Pitching for University of Virginia Cavaliers : RHP Waldemar Toet
|
Pitching: RHP Ruud van der Meulen
|
|
Batting: RHB Lião Weishampt
|
0-0: Called Strike 0-1: Ball 1-1: Foul Ball, location: 2F 1-2: SOLO HOME RUN (Flyball, 9D, EV 94.4 MPH), Distance : 374 ft
|
Batting: RHB Jae-won Kwon
|
0-0: Ball 1-0: Fly out, F7 (Line Drive, 7LS, EV 95.6 MPH)
|
Batting: RHB Jiao-long Zhào
|
0-0: Ground out U3 (Groundball, 34, EV 104.4 MPH)
|
Batting: LHB Roy Davies
|
0-0: Ball 1-0: Swinging Strike 1-1: Swinging Strike 1-2: Fly out, F9 (Flyball, 9LM, EV 95.6 MPH)
|
Top of the 10th over - 1 run, 1 hit, 0 errors, 0 left on base; University of Florida 3 - University of Virginia 2 |
BOTTOM OF THE 10TH |
University of Virginia Cavaliers batting - Pitching for University of Florida Gators : LHP Michel Loiseau
|
Pitching: RHP Gwang-sam Choe
|
|
Batting: RHB Jason Thresher
|
0-0: Called Strike 0-1: Ball 1-1: Ball 2-1: Foul Ball, location: 5F 2-2: Foul Ball, location: 3FF 2-2: Fly out, F8 (Line Drive, 8LM, EV 84.4 MPH)
|
Batting: LHB Ray Nichter
|
0-0: Ball 1-0: Swinging Strike 1-1: Swinging Strike 1-2: Ball 2-2: Ball 3-2: Fly out, F7 (Flyball, 78S, EV 89.4 MPH)
|
Batting: RHB Allen McCaskill
|
0-0: Foul Ball, location: 2F 0-1: Called Strike 0-2: Ball 1-2: Foul Ball, location: 9LMFF 1-2: Strikes out swinging
|
Bottom of the 10th over - 0 runs, 0 hits, 0 errors, 0 left on base; University of Florida 3 - University of Virginia 2 |
|